 Dungeon Sprint DCSS version 0.28-a0-697-g47f3eba078 (webtiles) character file.

Game seed: 17797312775419535601

4 SmokeWeed the Slasher (level 1, -6/18 HPs)
             Began as a Minotaur Gladiator on Oct 24, 2021.
             Mangled by an iguana (12 damage)
             ... in the Dungeon (Sprint IX: "|||||||||||||||||||||||||||||").
             The game lasted 00:00:08 (18 turns).

SmokeWeed the Slasher (Minotaur Gladiator)            Turns: 18, Time: 00:00:08

Health: -6/18      AC:  3    Str: 18    XL:     1   Next: 50%
Magic:  0/0        EV: 12    Int:  5    God:
Gold:   0          SH:  0    Dex: 11    Spells: 0/0 levels left

rFire   . . .      SeeInvis .   a - +0 long sword
rCold   . . .      Faith    .   (no shield)
rNeg    . . .      Spirit   .   b - +0 leather armour
rPois   .          Reflect  .   c - +0 hat
rElec   .          Harm     .   (no cloak)
rCorr   .          Rampage  .   (no gloves)
Will    .....      NoTele   +   (no boots)
Stlth   +.........              (no amulet)
HPRegen 0.06/turn               (no ring)
MPRegen 0.07/turn               (no ring)

@: no status effects
A: horns 2, retaliatory headbutt
a: no special abilities


You were in the Dungeon.
You visited 1 branch

Inventory:

Hand Weapons
 a - a +0 long sword (weapon)
Missiles
 d - 3 throwing nets (quivered)
Armour
 b - a +0 leather armour (worn)
 c - a +0 hat (worn)
Scrolls
 j - a scroll of blinking
Potions
 e - a potion of curing
 f - a potion of heal wounds
 g - a potion of haste
 h - 2 potions of magic
 i - a potion of berserk rage


   Skills:
 + Level 2.7 Fighting
 + Level 4.3 Long Blades
 + Level 2.2 Throwing
 + Level 3.9 Dodging


You couldn't memorise any spells.
You didn't know any spells.
Your spell library was empty.

Dungeon Overview and Level Annotations

Branches:
Dungeon (1/1)

Altars:


Innate Abilities, Weirdness & Mutations

You have a pair of horns on your head.
You reflexively headbutt those who attack you in melee.


Message History

As you open the door, it creaks loudly!
A frilled lizard, a bat, 2 ball pythons and an endoplasm come into view.
The endoplasm quivers.
The frilled lizard hisses angrily.
The ball python hisses angrily.
You slash the endoplasm!
You kill the endoplasm!
Your Long Blades skill increases to level 4!
The frilled lizard bites you but does no damage.
There is an open door to the Dungeon here.
You slash the frilled lizard!
You kill the frilled lizard!
The bat misses you. The bat barely misses you. You furiously retaliate!
You headbutt the bat. You slash the bat!
You kill the bat!
You closely miss the ball python. The ball python barely misses you.
You furiously retaliate!
You headbutt the ball python!
You kill the ball python!
You barely miss the ball python. Your headbutt misses the ball python.
The ball python completely misses you. You furiously retaliate!
You headbutt the ball python!
You kill the ball python!
Things that are here:
a bat corpse; a frilled lizard corpse You open the door.
An iguana, a jelly, a white imp, a zombie and a skeleton come into view.
The white imp shouts, "Capitulate, thou errant toad-spotted slime mould!"
The jelly quivers.
The iguana hisses angrily.
The iguana misses you.
There is an open door here.
You hit the iguana. You headbutt the iguana.
The iguana is moderately wounded.
The iguana bites you!
Ouch! That really hurt!
You closely miss the iguana.
The iguana is moderately wounded.
The iguana bites you!
Ouch! That really hurt!
You die...

▓.▓
▓.▓
▓'▓
▓†▓
▓.▓
▓.▓
▓.▓
▓.▓
▓@▓
▓l▓
▓J▓
▓Z▓
▓5▓
▓Z▓
▓+▓


You could see an iguana, a jelly, a white imp, an adder zombie and an adder
skeleton.

Vanquished Creatures
  An endoplasm (D)
  2 ball pythons (D)
  A bat (D)
  A frilled lizard (D)
5 creatures vanquished.

Notes
Turn   | Place    | Note
-------+----------+-------------------------------------------
     0 | D        | SmokeWeed the Minotaur Gladiator began the quest for the
                  | Orb.
     0 | D        | Reached XP level 1. HP: 18/18 MP: 0/0
     5 | D        | Reached skill level 4 in Long Blades
    15 | D        | Noticed an iguana
    15 | D        | Noticed a jelly
    18 | D        | Mangled by an iguana

Illustrated notes

Levels and vault maps discovered:
D:        linesprint [early_d, line_temple, items_1, d_10, items_2, lair_1,
          lair_end, items_3, orc_1, orc_end, items_4, d_15, swamp_1, shoals_1,
          snake_1, spider_1, d_20, vaults_1, items_5, swamp_end, shoals_end,
          snake_end, spider_end, vaults_end, d_27, items_6, zot_1, zot_end,
          crypt_end, forest_end, elf_end, slime_end, tomb_end, abyss_end,
          pan_hell_end]

Skill      XL: |  1 |
---------------+----+-----
Long Blades    | 4 |  4.3
Fighting       | |  2.7
Throwing       | |  2.2
Dodging        | |  3.9

Action                   || total
-------------------------++-------
Melee: Long sword        ||     7
       Headbutt          ||     1
Armor: Leather armour    ||     1
Dodge: Dodged            ||     5

Table legend: (Time is in decaauts)
 A = Elapsed time spent in this place.
 B = Non-inter-level travel time spent in this place.
 C = Inter-level travel time spent in this place.
 D = Time resting spent in this place.
 E = Time spent auto-exploring this place.
 F = Levels seen in this place.
 G = Mean time per level.
                   A        B        C        D        E       F      G
               +--------+--------+--------+--------+--------+-----+--------+
         Total |     19 |     19 |      0 |      0 |      0 |   1 |   19.0 |
       Dungeon |     19 |     19 |      0 |      0 |      0 |   1 |   19.0 |
               +--------+--------+--------+--------+--------+-----+--------+

Top non-repeatable levels by time:
       D: 19 daAuts
